 Dungeon Crawl Stone Soup version 0.27-a0-1317-gd1140b374c (webtiles) character file.

Game seed: 9863759307785540924

8614 Bnni the Cleaver (level 11, -10/139 HPs)
             Began as a Formicid Fighter on June 19, 2021.
             Was a Believer of Ru.
             Mangled by Snorg (15 damage)
             ... on level 9 of the Dungeon on June 21, 2021.
             The game lasted 00:45:13 (14534 turns).

Bnni the Cleaver (Formicid Fighter)                Turns: 14534, Time: 00:45:13

Health: -10/139    AC: 25    Str: 29    XL:     11   Next: 59%
Magic:  11/11      EV:  2    Int:  9    God:    Ru [**....]
Gold:   42         SH: 11    Dex: 10    Spells: 10/10 levels left

rFire    . . .     SeeInvis .   e - +2 trident (venom)
rCold    + . .     Faith    .   c - +0 kite shield
rNeg     + + +     Spirit   .   (armour currently unavailable)
rPois    +         Reflect  .   (helmet unavailable)
rElec    .         Harm     .   (cloak currently unavailable)
rCorr    .         Rampage  .   (gloves currently unavailable)
Will     +....                  (boots currently unavailable)
Stlth    ..........             (no amulet)
HPRegen  0.33/turn              j - ring of protection from cold
MPRegen  0.12/turn              w - +6 ring of strength

@: tree-form
A: stationary, stasis, torment immunity, boosted hp, permanent stasis, dig
shafts and tunnels, (antennae 3), no stealth, inability to use devices, four
strong arms
a: Renounce Religion


You were on level 9 of the Dungeon.
You worshipped Ru.
Ru was pleased with you.
You were a tree.
You visited 2 branches of the dungeon, and saw 11 of its levels.

You collected 563 gold pieces.
You spent 521 gold pieces at shops.

Inventory:

Hand Weapons
 e - a +2 trident of venom (weapon)
 o - a +0 hand crossbow
 x - a +2 halberd of flaming
 C - a +1 battleaxe
Missiles
 r - 46 poisoned darts (quivered)
 t - a throwing net
 B - 7 curare-tipped darts
Armour
 c - a +0 kite shield (worn)
 f - a scarf of repulsion (melded)
 I - the +0 ring mail of Existentialism (melded) {rF+ Will++}
   (You bought it in a shop on level 9 of the Dungeon)

   It protects you from fire.
   It greatly increases your willpower.
 J - a +1 cloak
Jewellery
 j - a ring of protection from cold (left branch)
 q - an amulet of regeneration
 w - a +6 ring of strength (right branch)
 A - a ring of willpower
Scrolls
 d - 2 scrolls of holy word
 g - 4 scrolls of enchant weapon
 h - 5 scrolls of enchant armour
 i - 4 scrolls of teleportation {unknown}
 k - a scroll of acquirement {unknown}
 l - a scroll of fear {unknown}
 s - 3 scrolls of magic mapping {unknown}
 u - 3 scrolls of blinking {unknown}
 v - a scroll of brand weapon {unknown}
 y - a scroll of silence {unknown}
 E - 3 scrolls of noise {unknown}
 G - a scroll of immolation {unknown}
Potions
 a - a potion of brilliance
 m - a potion of resistance
 n - 2 potions of flight
 p - a potion of mutation
 z - 3 potions of curing
 D - a potion of cancellation
 F - a potion of degeneration {unknown}
 H - a potion of lignification


   Skills:
 + Level 11.0 Fighting
 * Level 13.3 Axes
 - Level 3.2 Armour
 + Level 6.5 Shields


You had 10 spell levels left.
You didn't know any spells.
Your spell library contained the following spells:

 Spells                   Type           Power      Damage    Failure   Level
 Beastly Appendage        Tmut           0%         N/A       56%         1
 Foxfire                  Conj/Fire      0%         2x1d4     56%         1
 Wereblood                Tmut           0%         N/A       71%         2
 Conjure Flame            Conj/Fire      0%         6-21      90%         3
 Inner Flame              Hex/Fire       0%         N/A       90%         3
 Spider Form              Tmut/Pois      0%         N/A       90%         3
 Ice Form                 Ice/Tmut       0%         N/A       100%        4
 Sticky Flame             Conj/Fire      0%         2d3       100%        4
 Bolt of Magma            Conj/Fire/Erth 0%         4d4       100%        5
 Fireball                 Conj/Fire      0%         3d3       100%        5
 Iskenderun's Battlesphe  Conj           0%         2d6       100%        5
 Iron Shot                Conj/Erth      0%         9d1       100%        6
 Orb of Destruction       Conj           0%         N/A       100%        7
 Spellforged Servitor     Conj/Summ      0%         N/A       100%        7


Dungeon Overview and Level Annotations

Branches:
Dungeon (10/15)            Temple (1/1) D:5
   Lair: D:8-11         Orc: D:9-12

Altars:
Ashenzari
Cheibriados
Dithmenos
Elyvilon
Fedhas
Gozag
Hepliaklqana
Kikubaaqudgha
Makhleb
Nemelex Xobeh
Qazlal
Ru
Sif Muna
Trog
Uskayaw
Vehumet
Wu Jian
Xom
Yredelemnul
Zin
The Shining One

Shops:
D:2 [   D:6 *   D:9 [

Annotations:
D:9 Snorg


Innate Abilities, Weirdness & Mutations

You are a tree.
Your roots penetrate the ground, keeping you stationary.
You cannot be teleported.
You are immune to unholy pain and torment.
Your maximum health is greatly increased.
Your equipment is partially melded.
You cannot be hasted, slowed, berserked, paralysed or teleported.
You can dig through walls and to a lower floor.
((You have a pair of large antennae on your head. (SInv)))
You cannot be stealthy.
You cannot study or use magical devices.
Your four strong arms can wield two-handed weapons with a shield.


Message History

You focus your inner power and illuminate Snorg in retribution!
Snorg barely misses you. You block Snorg's attack.
Snorg claws you but does no damage. x2
You hit Snorg.
Snorg looks as sick as possible!
Snorg is moderately wounded.
Snorg barely misses you. Snorg claws you. x2
You puncture Snorg!
Snorg looks as sick as possible!
Snorg is heavily wounded.
You block Snorg's attack. Snorg claws you but does no damage. x2
You block Snorg's attack. Snorg claws you but does no damage. x2
You puncture Snorg!
Snorg looks as sick as possible!
Snorg is heavily wounded.
Snorg bites you! Snorg claws you but does no damage. You block Snorg's attack.
You barely miss Snorg.
Snorg is heavily wounded.
You redirect Snorg's attack!
Snorg bites herself!
Snorg claws herself!!
Snorg barely misses herself.
You hit Snorg.
Snorg looks as sick as possible!
Snorg is almost dead.
Snorg bites you!
* * * LOW HITPOINT WARNING * * *
Snorg claws you.
* * * LOW HITPOINT WARNING * * *
You block Snorg's attack. Snorg bites you!
* * * LOW HITPOINT WARNING * * *
Snorg claws you!
* * * LOW HITPOINT WARNING * * *
Snorg claws you.
* * * LOW HITPOINT WARNING * * *
You hit Snorg.
Snorg is almost dead.
Snorg stops glowing.
Snorg barely misses you. You block Snorg's attack. Snorg claws you.
* * * LOW HITPOINT WARNING * * *
You puncture Snorg!
Snorg is almost dead.
Snorg bites you.
* * * LOW HITPOINT WARNING * * *
Snorg claws you but does no damage. Snorg barely misses you. Snorg bites you!
You die...

#######################
...........#..........#
###....###.#†########.# # #....#
#.#.#......#.# # #....#
#.#.#.#....#.#
###....###.#.#.#...<#.#
)##............T♣.....###
###....###.#.#..........# #
#......#.#.###.....##.######### #
#......#.#.###.....##..........
###......#.#..../.....#.#########
..#......#.####..................
..#......#.# #.......≈≈≈≈≈≈≈≈≈≈≈
..#).....#.# #./.....≈..........
..#.######.####.......≈.≈≈≈≈≈≈≈≈≈


You could see Snorg (berserk, extremely poisoned).

Vanquished Creatures
  A boulder beetle (D:9)
  A two-headed ogre (D:7)
  Psyche (D:9)
  A troll (D:9)
  2 hornets (D:9)
  A shadow (D:6)
  Sigmund (D:2)
  11 yaks
  2 steam dragons
  2 black bears
  3 orc warriors
  A hornet zombie (D:6)
  2 necrophages (D:6)
  2 ogres
  7 centaurs
  A phantom (D:4)
  A bullfrog (D:7)
  Blork the orc (D:6)
  A gnoll sergeant (D:4)
  2 scorpions
  8 killer bees (D:9)
  9 wights
  A howler monkey (D:4)
  An electric eel (D:9)
  A centaur zombie (D:9)
  10 hounds
  2 centaur skeletons
  2 jellies
  2 orc priests
  2 bullfrog zombies (D:5)
  6 iguanas
  2 bullfrog skeletons (D:6)
  A gnoll shaman (D:4)
  Natasha (thrice) (D:2)
  5 orc wizards
  4 killer bee zombies
  A hound zombie (D:5)
  A hound skeleton (D:4)
  25 gnolls
  10 adders
  A shadow imp (D:7)
  A white imp (D:7)
  An ufetubus (D:7)
  An adder skeleton (D:4)
  A worm (D:3)
  4 dart slugs
  22 orcs
  8 ball pythons
  7 endoplasms
  A giant cockroach (D:3)
  7 hobgoblins
  24 jackals
  10 kobolds
  5 quokkas
  6 bats
  3 frilled lizards
  3 goblins
  6 rats
251 creatures vanquished.

Vanquished Creatures (others)
  An orc (D:8)
  2 plants (D:4)
3 creatures vanquished.

Grand Total: 254 creatures vanquished

Notes
Turn   | Place    | Note
-------+----------+-------------------------------------------
     0 | D:1      | Bnni the Formicid Fighter began the quest for the Orb.
     0 | D:1      | Reached XP level 1. HP: 18/18 MP: 1/1
    45 | D:1      | Reached XP level 2. HP: 23/24 MP: 2/2
   560 | D:1      | Found a faded altar of an unknown god.
   578 | D:1      | Reached XP level 3. HP: 27/30 MP: 3/3
   794 | D:1      | Reached skill level 3 in Axes
  1008 | D:2      | Found a burning altar of Makhleb.
  1036 | D:2      | Noticed Natasha
  1041 | D:2      | Killed Natasha
  1042 | D:2      | Reached XP level 4. HP: 32/37 MP: 4/4
  1178 | D:2      | Noticed Sigmund
  1186 | D:2      | Killed Sigmund
  1187 | D:2      | Reached skill level 5 in Axes
  1187 | D:2      | Reached XP level 5. HP: 21/43 MP: 5/5
  1187 | D:2      | Reached XP level 6. HP: 25/50 MP: 6/6
  1223 | D:2      | Noticed Natasha
  1230 | D:2      | Killed Natasha
  1231 | D:2      | Reached skill level 5 in Fighting
  1570 | D:2      | Found Jakhakaf's Armour Emporium.
  1579 | D:2      | Noticed Natasha
  1586 | D:2      | Killed Natasha
  2597 | D:3      | Reached XP level 7. HP: 41/56 MP: 7/7
  3667 | D:4      | Reached skill level 6 in Axes
  4563 | D:4      | Reached skill level 7 in Axes
  4563 | D:4      | Reached XP level 8. HP: 61/64 MP: 8/8
  5279 | D:4      | HP: 2/65 [poisoned by a gnoll sergeant]
  6249 | D:4      | Reached skill level 8 in Axes
  6926 | D:5      | Entered Level 5 of the Dungeon
  7239 | D:5      | Found a staircase to the Ecumenical Temple.
  7249 | Temple   | Entered the Ecumenical Temple
  7361 | Temple   | Became a worshipper of Ru the Awakened
  7593 | D:5      | Reached XP level 9. HP: 72/72 MP: 9/9
  7624 | D:5      | Reached skill level 9 in Axes
  8176 | D:6      | Found Yshestie's CLEARANCE SALE! EVERYTHING MUST GO!.
  8293 | D:6      | Bought a scroll of identify for 10 gold pieces
  8489 | D:6      | Noticed Blork the orc
  8501 | D:6      | Killed Blork the orc
  8819 | D:6      | Reached skill level 10 in Axes
  9313 | D:7      | Noticed a two-headed ogre
  9327 | D:7      | Killed a two-headed ogre
  9328 | D:7      | Reached skill level 11 in Axes
  9328 | D:7      | Reached XP level 10. HP: 74/83 MP: 10/10
  9498 | D:7      | Gained mutation: You cannot study or use magical devices.
                  | [Ru sacrifice]
  9498 | D:7      | Reached * piety under Ru
  9498 | D:7      | Reached ** piety under Ru
  9657 | D:7      | HP: 1/85 [yak (10)]
  9660 | D:7      | Reached skill level 12 in Axes
 10413 | D:7      | Reached skill level 10 in Fighting
 12007 | D:9      | Reached XP level 11. HP: 70/91 MP: 11/11
 12346 | D:9      | Upgraded the game from 0.27-a0-1312-g5cdb2b3542 to
                  | 0.27-a0-1317-gd1140b374c
 12389 | D:9      | Reached skill level 5 in Shields
 12693 | D:9      | Noticed Psyche
 12702 | D:9      | Killed Psyche
 13102 | D:9      | Gained mutation: You cannot be stealthy. [Ru sacrifice]
 13260 | D:9      | Reached skill level 13 in Axes
 13611 | D:9      | Found Efehuohi's Antique Armour Emporium.
 13989 | D:9      | Noticed a boulder beetle
 14003 | D:9      | Killed a boulder beetle
 14433 | D:9      | Bought a heavily runed ring mail for 279 gold pieces
 14433 | D:9      | Identified the +0 ring mail of Existentialism {rF+ Will++}
                  | (You bought it in a shop on level 9 of the Dungeon)
 14433 | D:9      | Bought a runed cloak for 232 gold pieces
 14508 | D:10     | Entered Level 10 of the Dungeon
 14511 | D:10     | Noticed Snorg
 14534 | D:9      | HP: 5/139 [Snorg (5)]
 14534 | D:9      | Mangled by Snorg

Illustrated notes

Levels and vault maps discovered:
D:1:      doesnt_arrival_eight_statues, layout_loops_ring,
          ebering_ecumenical_altar_box
D:2:      layout_basic, serial_shops, shop, basic_altar, dk_vineyard_2,
          hangedman_glass_teeth, minmay_tetromino_o4, uniq_natasha, uniq_sigmund
D:3:      minmay_thinvault, layout_basic, chequers_garden, minmay_fountain_box,
          moated_statue
D:4:      lemuel_castle_with_subvaults [lemuel_castle_interior_carwin_3],
          layout_loops_cross, chequers_serial_rivers_small_b
D:5:      layout_basic, temple_fountains
D:6:      minmay_skewed_foursquare, layout_gridville, nicolae_shop_clearance,
          uniq_blork_the_orc
D:7:      layout_layer_cave, nrook_campfire
D:8:      layout_rooms, minmay_misc_feat_room
D:9:      kennysheep_blocky_hall, layout_basic, serial_shops,
          nicolae_inconvenience_store, grunt_ministairs_2,
          statue_in_the_mist_lemuel, uniq_psyche
D:10:     layout_small_grid, old_standard_altar, orc_0_dummy, minivault_20,
          uniq_snorg
Temple:   kilobyte_greek_temple

Skill      XL: |  1  2  3  4  5  6  7  8  9 10 11 |
---------------+----------------------------------+-----
Axes           | 3 5 7 8 11 12 13 | 13.3
Fighting       | 4 5 6 7 9 10 11 | 11.0
Shields        | 4 6 |  6.5
Armour         | |  3.2

Action                   |  1- 3 |  4- 6 |  7- 9 | 10-12 || total
-------------------------+-------+-------+-------+-------++-------
Melee: War axe           |    71 |    77 |   145 |       ||   293
       Trident           |       |       |   216 |   228 ||   444
       Halberd           |       |       |    79 |    33 ||   112
Throw: Dart              |       |       |     2 |    12 ||    14
       Throwing net      |       |       |     1 |       ||     1
Invok: Sacrifice Artific |       |       |       |     1 ||     1
       Sacrifice Stealth |       |       |       |     1 ||     1
 Abil: Dig               |       |       |    16 |    10 ||    26
  Use: Potion            |       |     1 |     3 |     4 ||     8
       Scroll            |       |       |     8 |     3 ||    11
 Stab: Held in net/web   |       |       |     1 |       ||     1
       Invisible         |       |       |       |     1 ||     1
Armor: Scale mail        |    38 |    38 |   181 |    52 ||   309
       Skin              |       |       |       |     9 ||     9
Dodge: Dodged            |    38 |    51 |   230 |    73 ||   392
       Repelled          |     2 |     1 |     1 |     1 ||     5
Block: Kite shield       |       |       |       |   101 ||   101

Table legend: (Time is in decaauts)
 A = Elapsed time spent in this place.
 B = Non-inter-level travel time spent in this place.
 C = Inter-level travel time spent in this place.
 D = Time resting spent in this place.
 E = Time spent auto-exploring this place.
 F = Levels seen in this place.
 G = Mean time per level.
                   A        B        C        D        E       F      G
               +--------+--------+--------+--------+--------+-----+--------+
         Total |  14640 |  14382 |    258 |   3921 |   8592 |  11 | 1330.9 |
       Dungeon |  14488 |  14269 |    219 |   3921 |   8494 |  10 | 1448.8 |
        Temple |    152 |    113 |     39 |      0 |     98 |   1 |  152.0 |
               +--------+--------+--------+--------+--------+-----+--------+

Top non-repeatable levels by time:
     D:9: 2533 daAuts
     D:3: 2434 daAuts
     D:4: 2427 daAuts
     D:7: 2090 daAuts
     D:2: 1188 daAuts
     D:6: 1135 daAuts
     D:5: 1099 daAuts
     D:1: 973 daAuts
     D:8: 590 daAuts
  Temple: 152 daAuts
    D:10: 14 daAuts
